 Dungeon Crawl Stone Soup version 0.22.1-2-g9c5b331 (webtiles) character file.

1747 Santreim the Conjurer (level 8, -1/67 HPs)
             Began as a Grey Draconian Conjurer on Dec 16, 2018.
             Was an Initiate of Sif Muna.
             Slain by an orc warrior
             ... wielding a +1 halberd of protection
              (16 damage)
             ... on level 7 of the Dungeon.
             The game lasted 00:36:02 (6597 turns).

Santreim the Conjurer (Grey Draconian Conjurer)     Turns: 6597, Time: 00:36:03

Health: -1/67      AC:  5    Str: 11    XL:     8   Next: 78%
Magic:  1/14       EV: 14    Int: 18    God:    Sif Muna [......]
Gold:   403        SH:  0    Dex: 13    Spells: 6/16 levels left

rFire    + + .     SeeInvis .   r - +1 dagger of Tender Mercy {freeze, rF+ Int+2} (curse)
rCold    + . .     Gourm    .   (no shield)
rNeg     . . .     Faith    .   (armour unavailable)
rPois    +         Spirit   .   (helmet restricted)
rElec    .         Reflect  .   d - +1 cloak {rPois}
rCorr    .         Harm     .   (no gloves)
MR       .....                  (no boots)
Stlth    +++.......             c - amulet of magic regeneration
HPRegen  0.21/turn              v - ring of protection from cold
MPRegen  0.39/turn              x - ring of protection from fire

@: corroded, very slightly contaminated
A: walk through water, unfitting armour, unbreathing, cold-blooded, AC +11
a: Renounce Religion


You were on level 7 of the Dungeon.
You worshipped Sif Muna.
Sif Muna was noncommittal.
You were hungry.

You visited 2 branches of the dungeon, and saw 8 of its levels.
You also visited: Sewer.

You collected 403 gold pieces.

Inventory:

Hand Weapons
 h - a +1 short sword of draining
 q - a +4 hand axe
 r - the cursed +1 dagger of Tender Mercy (weapon) {freeze, rF+ Int+2}
   (You took it off an orc on level 5 of the Dungeon)

   It has been specially enchanted to freeze those struck by it, causing extra
   injury to most foes and up to half again as much damage against particularly
   susceptible opponents.
   It can also slow down cold-blooded creatures.
   It affects your intelligence (+2).
   It protects you from fire.
   It has a curse placed upon it.
 t - a +1 shortbow of flaming
 w - a +2 spear of venom
Armour
 d - a +1 cloak of poison resistance (worn)
Jewellery
 c - an amulet of magic regeneration (around neck)
 e - an uncursed ring of poison resistance
 i - an uncursed amulet of regeneration
 j - a cursed -3 ring of intelligence
 v - a ring of protection from cold (left hand)
 x - a ring of protection from fire (right hand)
 A - an uncursed ring of see invisible {unknown}
Wands
 s - a wand of flame (21)
Scrolls
 a - a scroll of fear
 f - 6 scrolls of identify
 g - a scroll of remove curse
 k - a scroll of enchant armour
 u - 3 scrolls of teleportation
Potions
 l - 2 potions of curing
 m - 4 potions of haste
 n - 2 potions of agility
 o - a potion of heal wounds
 p - a potion of magic
Comestibles
 b - 10 rations


   Skills:
 + Level 4.7 Fighting
 + Level 4.1 Short Blades
 + Level 4.5 Dodging
 + Level 4.9 Stealth
   Level 0.0 Shields
 + Level 4.6 Spellcasting
 + Level 6.2 Conjurations


You had 6 spell levels left.
You knew the following spells:

 Your Spells              Type           Power        Failure   Level  Hunger
a - Magic Dart            Conj           ####         1%          1    None
b - Searing Ray           Conj           ####..       1%          2    #......
c - Dazzling Spray        Conj/Hex       ###...       12%         3    ###....
d - Iskenderun's Mystic   Conj           ####....     11%         4    ####...

Your spell library contained the following spells:

 Spells                   Type           Power        Failure   Level  Hunger
 Force Lance              Conj/Tloc      ###.....     36%         4    ####...
 Fulminant Prism          Conj/Hex       ###.......   36%         4    ####...


Dungeon Overview and Level Annotations

Branches:
Dungeon (7/15)             Temple (1/1) D:5

Altars:
Ashenzari
Dithmenos
Elyvilon
Fedhas
Hepliaklqana
Kikubaaqudgha
Nemelex Xobeh
Okawaru
Ru
Sif Muna
Trog
Vehumet
Wu Jian
Xom
Yredelemnul
Zin
The Shining One


Innate Abilities, Weirdness & Mutations

You can walk through water.
Your dull iron-grey scales are very hard. (AC +11)
You cannot fit into any form of body armour.
You can survive without breathing.
You are cold-blooded and may be slowed by cold attacks.


Message History

Confirm with . or Enter, or press ? or * to list all spells.
Aiming: Magic Dart (safe; 1% risk of failure)
Press: ? - help, Shift-Dir - straight line, f/p - orc wizard
Aim: an orc wizard, wielding a dagger and wearing a robe (severely wounded)
The magic dart hits the orc wizard.
You kill the orc wizard!
Sif Muna accepts your kill.
The orc warrior hits you from afar with a halberd of protection!!
* * * LOW HITPOINT WARNING * * *
You feel better.
The orc warrior hits you but does no damage.
Casting: Magic Dart (safe; 1% risk of failure)
Confirm with . or Enter, or press ? or * to list all spells.
Aiming: Magic Dart (safe; 1% risk of failure)
Press: ? - help, Shift-Dir - straight line, f - orc
Aim: an orc The magic dart hits the orc.
The orc is almost dead.
The orc warrior hits you from afar with a halberd of protection!
You die...

....... ........ #.......
#......# ######.. ......#
#.<....##...............#
#.....o##...............#
#....).@..........##....
#....†).................
##...!o..................
...........................
...........................
....=............##.....###
......#####......##.....# #
......#..........##.....#
......#.................#


You could see an orc warrior and an orc.

Vanquished Creatures
  2 sky beasts
  2 centaurs
  3 bullfrogs (D:6)
  A scorpion (D:5)
  2 howler monkeys
  2 crimson imps
  2 jellies (D:7)
  3 orc wizards
  An orc priest (D:5)
  4 hounds
  2 iguanas
  2 bullfrog skeletons (D:7)
  5 worker ants
  Natasha (thrice) (D:3)
  2 hound skeletons
  6 gnolls
  A worker ant zombie (D:6)
  11 adders
  7 river rats
  A shadow imp (D:5)
  An ooze (D:4)
  An adder skeleton (D:4)
  6 worms
  4 dart slugs
  9 leopard geckos
  17 orcs
  6 giant cockroaches
  4 goblins
  10 hobgoblins
  5 quokkas
  7 ball pythons
  4 bats
  13 frilled lizards
  11 kobolds
  A leopard gecko skeleton (D:4)
  11 rats
  A fungus (D:4)
173 creatures vanquished.

Notes
Turn   | Place    | Note
-------+----------+-------------------------------------------
     0 | D:1      | Santreim the Draconian Conjurer began the quest for the
                  | Orb.
     0 | D:1      | Reached XP level 1. HP: 14/14 MP: 3/3
   274 | D:1      | Reached XP level 2. HP: 11/20 MP: 0/5
   826 | D:2      | Learned a level 2 spell: Searing Ray
   833 | D:2      | Reached skill level 1 in Fighting
   833 | D:2      | Reached XP level 3. HP: 24/28 MP: 1/6
  1223 | D:2      | Reached XP level 4. HP: 35/35 MP: 3/7
  1464 | D:3      | Noticed Natasha
  1470 | D:3      | Found a faded altar of an unknown god.
  1489 | D:3      | Killed Natasha
  1494 | D:3      | Noticed Natasha
  1504 | D:3      | Killed Natasha
  1504 | D:3      | Reached XP level 5. HP: 13/41 MP: 5/9
  1506 | D:3      | Noticed Natasha
  1512 | D:3      | Killed Natasha
  1512 | D:3      | Reached skill level 1 in Short Blades
  1741 | D:3      | Found an ornate altar of the Wu Jian Council.
  1755 | D:3      | Found a glowing drain.
  1781 | Sewer    | Entered a sewer
  1933 | Sewer    | Reached XP level 6. HP: 6/49 MP: 5/10
  2293 | D:3      | Found a blossoming altar of Fedhas.
  2766 | D:4      | Reached skill level 5 in Conjurations
  3040 | D:4      | Found a shattered altar of Ashenzari.
  3819 | D:5      | Entered Level 5 of the Dungeon
  3866 | D:5      | Noticed a sky beast
  3894 | D:5      | Killed a sky beast
  3894 | D:5      | Your scales start taking on a dull iron-grey colour.
  3894 | D:5      | Reached XP level 7. HP: 31/57 MP: 6/12
  3894 | D:5      | Gained mutation: You can survive without breathing. [Grey
                  | Draconian growth]
  4179 | D:5      | Found a staircase to the Ecumenical Temple.
  4188 | Temple   | Entered the Ecumenical Temple
  4551 | Temple   | Became a worshipper of Sif Muna the Loreminder
  4950 | D:5      | Got a crystal dagger {freeze}
  4951 | D:5      | Identified the cursed +1 dagger of Tender Mercy {freeze,
                  | rF+ Int+2} (You took it off an orc on level 5 of the
                  | Dungeon)
  5511 | D:5      | Reached XP level 8. HP: 46/66 MP: 5/14
  5576 | D:6      | Learned a level 3 spell: Dazzling Spray
  5581 | D:6      | Learned a level 4 spell: Iskenderun's Mystic Blast
  5689 | D:6      | Found a radiant altar of Vehumet.
  6293 | D:6      | Reached skill level 6 in Conjurations
  6597 | D:7      | Slain by an orc warrior

Skill      XL: |  1  2  3  4  5  6  7  8 |
---------------+-------------------------+-----
Dodging        | 2 3 4 |  4.5
Stealth        | 2 3 4 |  4.9
Fighting       | 1 2 3 4 |  4.7
Short Blades   | 1 2 3 4 |  4.1
Spellcasting   | 3 4 |  4.6
Conjurations   | 5 6 |  6.2

Action                   |  1- 3 |  4- 6 |  7- 9 || total
-------------------------+-------+-------+-------++-------
Melee: Unarmed           |    22 |       |       ||    22
       Tailslap          |     5 |    21 |    24 ||    50
       Short sword       |    41 |   219 |    52 ||   312
       Dagger            |       |       |   115 ||   115
 Cast: Magic Dart        |    51 |    62 |    82 ||   195
       Searing Ray       |     3 |    13 |    16 ||    32
       Dazzling Spray    |       |       |     7 ||     7
       Iskenderun's Myst |       |       |     6 ||     6
  Use: Scroll            |     6 |     6 |     7 ||    19
       Potion            |     3 |     4 |     4 ||    11
 Stab: Distracted        |     1 |       |       ||     1
       Sleeping          |       |     8 |       ||     8
  Eat: Ration            |     1 |     2 |     2 ||     5
       Chunk             |       |     4 |     2 ||     6
Armor: Skin              |    19 |   111 |   104 ||   234
Dodge: Dodged            |    48 |   180 |   172 ||   400
